[Event "36th Zalakaros Festival 2017"]
[Site "Zalakaros"]
[Date "2017.05.19"]
[Round "2"]
[White "Hardicsay, Peter"]
[Black "Gara, Ticia"]
[Result "1-0"]
[ECO "A39"]
[WhiteElo "2218"]
[BlackElo "2329"]
[Annotator "ChessBase"]
[PlyCount "87"]
[EventDate "2017.??.??"]
[EventType "swiss"]
[EventCountry "HUN"]
[SourceTitle "playchess.com"]
[Source "ChessBase"]
[SourceQuality "1"]
[TimeControl "40/5400+30:1800+30"]

1. Nf3 Nf6 2. c4 c5 3. Nc3 Nc6 4. g3 g6 5. Bg2 Bg7 6. O-O O-O 7. d4 cxd4 8. Nxd4 Ng4 9. e3 Nge5 10. b3 d6 11. h3 a6 12. a3 Rb8 13. Bb2 Bd7 14. Rc1 h5 15. Rc2 Nxd4 16. exd4 Nc6 17. Rd2 b5 18. cxb5 axb5 19. b4 Qb6 20. Nd5 Qa7 21. Ne3 Nd8 22. Kh2 e6 23. d5 Bxb2 24. Rxb2 Qxa3 25. Rb3 Qa2 26. dxe6 Bxe6 27. Nd5 Qa7 28. Nf6+ Kg7 29. Rf3 d5 30. Qd2 Rh8 31. Nxd5 Bxd5 32. Qxd5 Re8 33. Rd1 Qe7 34. Qd4+ Kg8 35. Qd6 Ne6 36. Qxe7 Rxe7 37. Re3 Rc8 38. Re5 Rc2 39. Kg1 Ra7 40. Bd5 Nc7 41. Re7 Kg7 42. Rxf7+ Kh6 43. h4 Ra6 44. Be4 1-0

[Event "36th Zalakaros Festival 2017"]
[Site "Zalakaros"]
[Date "2017.05.20"]
[Round "3"]
[White "Tompa, Janos"]
[Black "Terbe, Julianna"]
[Result "1/2-1/2"]
[ECO "B30"]
[WhiteElo "2392"]
[BlackElo "2258"]
[Annotator "NA"]
[PlyCount "113"]
[EventDate "2017.??.??"]
[EventType "swiss"]
[EventCountry "HUN"]
[SourceTitle "playchess.com"]
[Source "ChessBase"]
[SourceQuality "1"]
[TimeControl "40/5400+30:1800+30"]

1. e4 c5 2. Nf3 Nc6 3. Nc3 e5 4. Bc4 d6 5. d3 Be7 6. h3 Nf6 7. O-O O-O 8. a3 a6 9. Ba2 Be6 10. Nd5 b5 11. c3 Rc8 12. Re1 Bxd5 13. exd5 Nb8 14. a4 Nbd7 15. axb5 axb5 16. c4 Nb6 17. Bb3 Ra8 18. Rxa8 Qxa8 19. Nh2 Re8 20. Ng4 Nfd7 21. Bd2 f5 22. Ne3 g6 23. cxb5 f4 24. Nc4 Kg7 25. Nxb6 Nxb6 26. Qa1 Qb8 27. Qa6 Bd8 28. Ba5 Re7 29. Bxb6 Bxb6 30. Qa4 Ra7 31. Qc4 Qa8 32. Kh2 Ra1 33. Rd1 Qa5 34. Qc3 Rxd1 35. Qxa5 Bxa5 36. Bxd1 Kf6 37. g3 fxg3+ 38. fxg3 h6 39. Kg2 Bb6 40. Bg4 Ke7 41. Kf3 Kf6 42. Bc8 Ke7 43. Ke4 Kf6 44. Bb7 Ke7 45. Bc6 Kf6 46. Be8 Kg7 47. b3 Kf6 48. h4 Ba7 49. Kf3 Bb6 50. Ke2 Kg7 51. Kd2 Kf6 52. Kc3 Kg7 53. Kc2 Kf6 54. Kd1 Kg7 55. Ke2 Kf6 56. Kf3 Ba7 57. Ke4 1/2-1/2

[Event "36th Zalakaros Festival 2017"]
[Site "Zalakaros"]
[Date "2017.05.20"]
[Round "3"]
[White "Paschall, William M"]
[Black "Sadhwani, Raunak"]
[Result "1/2-1/2"]
[ECO "A00"]
[WhiteElo "2380"]
[BlackElo "2298"]
[Annotator "NA"]
[PlyCount "41"]
[EventDate "2017.??.??"]
[EventType "swiss"]
[EventCountry "HUN"]
[SourceTitle "playchess.com"]
[Source "ChessBase"]
[SourceQuality "1"]
[TimeControl "40/5400+30:1800+30"]

1. g3 g6 2. Bg2 Bg7 3. d4 c5 4. c3 Qb6 5. Nf3 Nf6 6. O-O O-O 7. dxc5 Qxc5 8. Bg5 d6 9. Nbd2 Qc7 10. Bxf6 Bxf6 11. Re1 b6 12. Nd4 Bb7 13. Bxb7 Qxb7 14. e4 Nc6 15. Nxc6 Qxc6 16. a4 Rfb8 17. Ra2 a6 18. Qb3 Rb7 19. Qc4 Rc7 20. Qd3 Qb7 21. Nc4 1/2-1/2

[Event "36th Zalakaros Festival 2017"]
[Site "Zalakaros"]
[Date "2017.05.20"]
[Round "3"]
[White "Arman, Deniz"]
[Black "Rakesh Kumar Jena"]
[Result "1-0"]
[ECO "B21"]
[WhiteElo "2377"]
[BlackElo "2288"]
[Annotator "NA RC"]
[PlyCount "143"]
[EventDate "2017.??.??"]
[EventType "swiss"]
[EventCountry "HUN"]
[SourceTitle "playchess.com"]
[Source "ChessBase"]
[SourceQuality "1"]
[TimeControl "40/5400+30:1800+30"]

1. e4 c5 2. d4 cxd4 3. c3 d5 4. exd5 Qxd5 5. cxd4 e5 6. Nf3 Nc6 7. Nc3 Bb4 8. Bd2 Bxc3 9. Bxc3 e4 10. Ne5 Nxe5 11. dxe5 Ne7 12. Qe2 O-O 13. Rd1 Qxa2 14. Bb4 Qe6 15. Qxe4 Re8 16. Bb5 Nc6 17. O-O Qg6 18. Qe3 Bf5 19. Rd6 Rxe5 20. Rxg6 hxg6 21. Qg3 Rxb5 22. Bc3 Rd5 23. Qc7 Rd7 24. Qf4 Re8 25. f3 b5 26. g4 Bd3 27. Re1 Rxe1+ 28. Bxe1 Bc4 29. Bc3 Be6 30. Qe4 b4 31. Qxc6 bxc3 32. Qxc3 Rb7 33. b4 Rb5 34. Qd4 Kh7 35. Qc3 a6 36. Kf2 Kg8 37. h4 Kh7 38. Kg3 Kg8 39. Qa3 Kh7 40. Qc3 Kg8 41. Qe1 Kh7 42. f4 Kg8 43. Qe4 Rd5 44. h5 gxh5 45. f5 Rd6 46. fxe6 Rxe6 47. Qa8+ Kh7 48. gxh5 Rf6 49. Qb7 Kg8 50. Kg4 Re6 51. Kf4 Rf6+ 52. Kg5 Re6 53. Qc7 Re8 54. Qb7 Re5+ 55. Kg4 Re6 56. Kf3 Rf6+ 57. Ke4 Kh7 58. Kd3 Rd6+ 59. Kc3 f5 60. Qf3 Rf6 61. Qf4 Kg8 62. Kd3 Kh7 63. Ke3 Kg8 64. Kf3 Kh7 65. Kg3 Kg8 66. Kh4 Kh7 67. Kg5 Kh8 68. Qb8+ Kh7 69. Kf4 Rh6 70. Qe8 Rb6 71. Qf8 Rb5 72. Qd6 1-0

[Event "36th Zalakaros Festival 2017"]
[Site "Zalakaros"]
[Date "2017.05.20"]
[Round "3"]
[White "Papp, Petra"]
[Black "Sankalp Gupta"]
[Result "1/2-1/2"]
[ECO "A05"]
[WhiteElo "2371"]
[BlackElo "2269"]
[Annotator "NA RC"]
[PlyCount "108"]
[EventDate "2017.??.??"]
[EventType "swiss"]
[EventCountry "HUN"]
[SourceTitle "playchess.com"]
[Source "ChessBase"]
[SourceQuality "1"]
[TimeControl "40/5400+30:1800+30"]

1. Nf3 Nf6 2. c4 g6 3. Nc3 c5 4. d4 cxd4 5. Nxd4 Bg7 6. e4 d6 7. Be2 O-O 8. O-O b6 9. Be3 Bb7 10. f3 Nbd7 11. Qd2 Re8 12. Rac1 Rc8 13. Rfd1 h5 14. Qe1 Qc7 15. Nd5 Qb8 16. Qg3 Kh7 17. b3 Nc5 18. Qh4 Kg8 19. Bg5 Ncd7 20. Nb5 Nxd5 21. exd5 e5 22. dxe6 Rxe6 23. Bf1 a6 24. Nc3 Rce8 25. Nd5 Ne5 26. Qf2 f6 27. Bd2 Bxd5 28. cxd5 R6e7 29. a4 b5 30. a5 f5 31. Bg5 Rf7 32. Rc2 Bf6 33. Bxf6 Rxf6 34. Rdc1 Rf7 35. Qd4 f4 36. Bd3 h4 37. Be4 Qa7 38. Qxa7 Rxa7 39. Rc7 Rea8 40. Kf2 Kf8 41. g3 hxg3+ 42. hxg3 g5 43. gxf4 gxf4 44. Ke2 Ke8 45. Rxa7 Rxa7 46. Rh1 Rg7 47. Rh8+ Kd7 48. Ra8 Rg2+ 49. Ke1 Rb2 50. Ra7+ Kc8 51. Rxa6 Kc7 52. Ra7+ Kb8 53. Ra6 Kc7 54. Ra7+ Kb8 1/2-1/2

[Event "36th Zalakaros Festival 2017"]
[Site "Zalakaros"]
[Date "2017.05.20"]
[Round "3"]
[White "Rudolf, Michal"]
[Black "Karacsonyi, Gellert"]
[Result "1-0"]
[ECO "E32"]
[WhiteElo "2340"]
[BlackElo "2189"]
[Annotator "NA"]
[PlyCount "89"]
[EventDate "2017.??.??"]
[EventType "swiss"]
[EventCountry "HUN"]
[SourceTitle "playchess.com"]
[Source "ChessBase"]
[SourceQuality "1"]
[TimeControl "40/5400+30:1800+30"]

1. d4 Nf6 2. c4 e6 3. Nc3 Bb4 4. Qc2 O-O 5. a3 Bxc3+ 6. Qxc3 d5 7. Bg5 dxc4 8. Qxc4 b6 9. Nf3 Ba6 10. Qa4 Qd7 11. Qc2 Rc8 12. Bxf6 gxf6 13. Rd1 Qc6 14. Qxc6 Nxc6 15. g3 Ne7 16. e3 Bxf1 17. Rxf1 c5 18. Ke2 cxd4 19. Nxd4 e5 20. Nb5 Rc2+ 21. Rd2 Rxd2+ 22. Kxd2 Rd8+ 23. Ke2 a6 24. Nc3 Nd5 25. Rc1 Nxc3+ 26. Rxc3 Rd6 27. g4 b5 28. Rc7 Kg7 29. Ra7 b4 30. axb4 Rb6 31. Kd3 Rxb4 32. Kc3 Rb6 33. b4 Kg6 34. h3 Rd6 35. Kc4 h6 36. Kc5 Re6 37. Rb7 Re8 38. Rb6 Ra8 39. Kc6 Ra7 40. Rb7 Ra8 41. Kb6 e4 42. Ka5 Rd8 43. Kxa6 Rd6+ 44. Ka5 Rd2 45. Re7 1-0

[Event "36th Zalakaros Festival 2017"]
[Site "Zalakaros"]
[Date "2017.05.20"]
[Round "3"]
[White "Gara, Ticia"]
[Black "Szalanczy, Emil"]
[Result "1-0"]
[ECO "B75"]
[WhiteElo "2329"]
[BlackElo "2230"]
[Annotator "NA"]
[PlyCount "79"]
[EventDate "2017.??.??"]
[EventType "swiss"]
[EventCountry "HUN"]
[SourceTitle "playchess.com"]
[Source "ChessBase"]
[SourceQuality "1"]
[TimeControl "40/5400+30:1800+30"]

1. e4 c5 2. Nf3 d6 3. d4 cxd4 4. Nxd4 Nf6 5. Nc3 g6 6. Be3 Bg7 7. f3 Nc6 8. Qd2 O-O 9. g4 Nxd4 10. Bxd4 Qa5 11. h4 Be6 12. h5 Rfc8 13. a3 a6 14. h6 Bh8 15. g5 Nd7 16. f4 Bxd4 17. Qxd4 f6 18. O-O-O Qc5 19. gxf6 Nxf6 20. e5 dxe5 21. Qxe5 Qxe5 22. fxe5 Nh5 23. Bg2 Ra7 24. Rd4 b5 25. Rhd1 Rac7 26. Rd8+ Kf7 27. Rxc8 Bxc8 28. Bd5+ e6 29. Bf3 Ng3 30. Rd8 g5 31. Ne4 g4 32. Nd6+ Kg6 33. Bxg4 Bb7 34. Bxe6 Kxh6 35. Rd7 Rxd7 36. Bxd7 Bf3 37. e6 Bg4 38. Bc8 Nf5 39. Nxf5+ Bxf5 40. e7 1-0

[Event "36th Zalakaros Festival 2017"]
[Site "Zalakaros"]
[Date "2017.05.20"]
[Round "3"]
[White "Tate, Alan"]
[Black "Varga, Klara"]
[Result "1/2-1/2"]
[ECO "A07"]
[WhiteElo "2320"]
[BlackElo "2240"]
[Annotator "NA"]
[PlyCount "108"]
[EventDate "2017.??.??"]
[EventType "swiss"]
[EventCountry "HUN"]
[SourceTitle "playchess.com"]
[Source "ChessBase"]
[SourceQuality "1"]
[TimeControl "40/5400+30:1800+30"]

1. Nf3 Nf6 2. g3 d5 3. Bg2 c6 4. O-O Bg4 5. c4 Nbd7 6. d4 e6 7. h3 Bh5 8. cxd5 cxd5 9. Qb3 Qb6 10. Bf4 Be7 11. g4 Bg6 12. Rc1 Ne4 13. Na3 Bd6 14. Bxd6 Nxd6 15. Ne5 Qxb3 16. axb3 f6 17. Nxg6 hxg6 18. Nc2 Ke7 19. Nb4 a6 20. Rc7 Rhc8 21. Rac1 Kd8 22. Rxc8+ Rxc8 23. Rxc8+ Kxc8 24. Nd3 g5 25. e3 a5 26. Kf1 b6 27. Ke2 Nb8 28. f4 gxf4 29. Nxf4 Kd7 30. Nh5 Ne8 31. e4 Nc6 32. Ke3 Nb4 33. Bf1 Kc6 34. Nf4 Kd6 35. Nh5 g6 36. Ng3 e5 37. dxe5+ Kxe5 38. exd5 Nxd5+ 39. Kf3 Nd6 40. h4 Nf4 41. h5 f5 42. hxg6 Nxg6 43. Nxf5 Nxf5 44. gxf5 Nh4+ 45. Ke3 Nxf5+ 46. Kd3 Kd5 47. Kc3 Kc5 48. Bc4 Nd6 49. Bg8 Nb5+ 50. Kd3 Kb4 51. Bf7 Nd6 52. Bg8 Nb7 53. Bd5 Nc5+ 54. Kc2 Nd7 1/2-1/2

[Event "36th Zalakaros Festival 2017"]
[Site "Zalakaros"]
[Date "2017.05.20"]
[Round "3"]
[White "Rajdeep Sarkar"]
[Black "Szente Varga, Fruzsina"]
[Result "1-0"]
[ECO "A49"]
[WhiteElo "2312"]
[BlackElo "2190"]
[Annotator "NA"]
[PlyCount "93"]
[EventDate "2017.??.??"]
[EventType "swiss"]
[EventCountry "HUN"]
[SourceTitle "playchess.com"]
[Source "ChessBase"]
[SourceQuality "1"]
[TimeControl "40/5400+30:1800+30"]

1. d4 Nf6 2. Nf3 g6 3. g3 c6 4. Bg2 Bg7 5. O-O O-O 6. c4 d5 7. Nbd2 Be6 8. b3 a5 9. e3 a4 10. Ba3 Re8 11. Qe2 axb3 12. axb3 Na6 13. Rfc1 Nc7 14. h3 h6 15. Ne5 Nd7 16. Nd3 f6 17. Bb2 Rxa1 18. Rxa1 Bf7 19. e4 e5 20. cxd5 cxd5 21. dxe5 Nxe5 22. Nxe5 fxe5 23. exd5 Bxd5 24. Ra5 Bxg2 25. Kxg2 Ne6 26. Rb5 Kh7 27. Qe3 Qd7 28. Ra5 Nd4 29. Qe4 Rf8 30. Rd5 Qf7 31. f3 Rc8 32. Nc4 b5 33. Nxe5 Rc2+ 34. Qxc2 Qxd5 35. Qxg6+ Kg8 36. Bxd4 Qxd4 37. Nd3 Qe3 38. h4 Qe2+ 39. Nf2 Qe3 40. Qd3 Qe8 41. Qd5+ Kh8 42. Ne4 b4 43. Qc5 Qb8 44. Nd6 Qf8 45. Qc8 Qxc8 46. Nxc8 Bf8 47. Nb6 1-0

[Event "36th Zalakaros Festival 2017"]
[Site "Zalakaros"]
[Date "2017.05.20"]
[Round "3"]
[White "Krykun, Yuriy"]
[Black "Almasi, Istvan"]
[Result "0-1"]
[ECO "B40"]
[WhiteElo "2308"]
[BlackElo "2398"]
[Annotator "NA"]
[PlyCount "56"]
[EventDate "2017.??.??"]
[EventType "swiss"]
[EventCountry "HUN"]
[SourceTitle "playchess.com"]
[Source "ChessBase"]
[SourceQuality "1"]
[TimeControl "40/5400+30:1800+30"]

1. e4 c5 2. Nf3 e6 3. g3 Nc6 4. Bg2 Nf6 5. Qe2 e5 6. O-O Be7 7. c3 O-O 8. Na3 d5 9. exd5 Qxd5 10. d3 Bf5 11. Rd1 Rad8 12. Qe1 Bxd3 13. Nxe5 Qxe5 14. Bxc6 Qh5 15. Bg2 c4 16. Be3 Rfe8 17. Nxc4 Bxc4 18. Bxa7 Bd6 19. Qd2 Bxg3 20. fxg3 Rxd2 21. Rxd2 Bd5 22. Bxd5 Nxd5 23. Rad1 Re2 24. Bf2 Rxd2 25. Rxd2 Qf5 26. c4 Qb1+ 27. Kg2 Qe4+ 28. Kg1 Qxc4 0-1

[Event "36th Zalakaros Festival 2017"]
[Site "Zalakaros"]
[Date "2017.05.20"]
[Round "3"]
[White "Szabo, Marton Mihaly"]
[Black "Hradeczky, Tamas"]
[Result "1/2-1/2"]
[ECO "B51"]
[WhiteElo "2298"]
[BlackElo "2146"]
[Annotator "NA"]
[PlyCount "46"]
[EventDate "2017.??.??"]
[EventType "swiss"]
[EventCountry "HUN"]
[SourceTitle "playchess.com"]
[Source "ChessBase"]
[SourceQuality "1"]
[TimeControl "40/5400+30:1800+30"]

1. e4 c5 2. Nf3 d6 3. Bb5+ Nd7 4. O-O a6 5. Bd3 Ngf6 6. Re1 e6 7. c3 Qc7 8. a4 Be7 9. Bc2 Ne5 10. Nxe5 dxe5 11. d3 O-O 12. Nd2 Bd7 13. a5 Rad8 14. Qf3 Kh8 15. Qh3 Bb5 16. c4 Be8 17. f4 exf4 18. e5 Ng8 19. Nf3 g5 20. g3 f5 21. exf6 Bxf6 22. gxf4 gxf4 23. Bd2 Qg7+ 1/2-1/2

[Event "36th Zalakaros Festival 2017"]
[Site "Zalakaros"]
[Date "2017.05.20"]
[Round "3"]
[White "Krstulovic, Alex"]
[Black "Lazarne Vajda, Szidonia"]
[Result "1/2-1/2"]
[ECO "D10"]
[WhiteElo "2280"]
[BlackElo "2357"]
[Annotator "NA"]
[PlyCount "46"]
[EventDate "2017.??.??"]
[EventType "swiss"]
[EventCountry "HUN"]
[SourceTitle "playchess.com"]
[Source "ChessBase"]
[SourceQuality "1"]
[TimeControl "40/5400+30:1800+30"]

1. d4 d5 2. c4 c6 3. cxd5 cxd5 4. Bf4 Nc6 5. e3 Nf6 6. Nc3 Bf5 7. Nf3 e6 8. Bb5 Nd7 9. Ne5 Ndxe5 10. Bxe5 Rc8 11. Bg3 Bb4 12. Rc1 Qa5 13. Qa4 a6 14. Qxa5 Bxa5 15. Be2 Kd7 16. O-O Bxc3 17. Rxc3 Na5 18. Rfc1 Rxc3 19. Rxc3 Rc8 20. Rxc8 Kxc8 21. f3 Bb1 22. a3 Kd7 23. Be1 Nc4 1/2-1/2

[Event "36th Zalakaros Festival 2017"]
[Site "Zalakaros"]
[Date "2017.05.20"]
[Round "3"]
[White "Rigo, Janos"]
[Black "Meszaros, Tamas"]
[Result "0-1"]
[ECO "C63"]
[WhiteElo "2236"]
[BlackElo "2401"]
[Annotator "NA"]
[PlyCount "66"]
[EventDate "2017.??.??"]
[EventType "swiss"]
[EventCountry "HUN"]
[SourceTitle "playchess.com"]
[Source "ChessBase"]
[SourceQuality "1"]
[TimeControl "40/5400+30:1800+30"]

1. e4 e5 2. Nf3 Nc6 3. Bb5 f5 4. d3 fxe4 5. dxe4 Nf6 6. O-O d6 7. Nc3 Be7 8. h3 O-O 9. a4 Qe8 10. Nd5 Bd8 11. Ra3 Nxe4 12. Nxc7 Bxc7 13. Qd5+ Qf7 14. Qxe4 d5 15. Qh4 e4 16. Ng5 Qg6 17. c4 h6 18. cxd5 hxg5 19. Bxg5 Nd4 20. Bc4 Bd6 21. f4 Bxa3 22. bxa3 Nf5 23. Qe1 Qb6+ 24. Kh1 Qe3 25. d6+ Kh7 26. Qd1 Ng3+ 27. Kh2 Nxf1+ 28. Bxf1 Be6 29. d7 Qb6 30. f5 Rxf5 31. d8=Q Rxd8 32. Bxd8 Qf2 33. Qd6 Bd5 0-1

[Event "36th Zalakaros Festival 2017"]
[Site "Zalakaros"]
[Date "2017.05.20"]
[Round "3"]
[White "Czupor, Attila"]
[Black "Paszewski, Mateusz"]
[Result "0-1"]
[ECO "B38"]
[WhiteElo "2230"]
[BlackElo "2327"]
[Annotator "NA"]
[PlyCount "98"]
[EventDate "2017.??.??"]
[EventType "swiss"]
[EventCountry "HUN"]
[SourceTitle "playchess.com"]
[Source "ChessBase"]
[SourceQuality "1"]
[TimeControl "40/5400+30:1800+30"]

1. e4 c5 2. Nf3 g6 3. d4 cxd4 4. Nxd4 Bg7 5. c4 Nc6 6. Be3 Nf6 7. Nc3 d6 8. Be2 O-O 9. O-O Bd7 10. Rc1 Nxd4 11. Bxd4 Bc6 12. f3 a5 13. b3 Nd7 14. Be3 Nc5 15. Qc2 Qb6 16. Rb1 Rfc8 17. a3 Qd8 18. b4 axb4 19. axb4 Ra3 20. Bd2 Na4 21. Nd1 Nb6 22. b5 Bd4+ 23. Kh1 Bd7 24. Bb4 Ra7 25. Bc3 Bxc3 26. Qxc3 Be6 27. Ne3 Qc7 28. f4 f6 29. Ra1 Rxa1 30. Rxa1 Qc5 31. g4 Nxc4 32. f5 Bf7 33. Bxc4 Bxc4 34. Nxc4 Qxc4 35. Qxc4+ Rxc4 36. Ra7 Rxe4 37. Rxb7 Kf7 38. fxg6+ hxg6 39. h3 Re2 40. Rb8 g5 41. b6 Ke6 42. b7 Rb2 43. Kg1 d5 44. Kf1 Ke5 45. Ke1 d4 46. Kd1 Ke4 47. Kc1 Rb6 48. Kd2 Rb5 49. Kc2 Ke3 0-1

[Event "36th Zalakaros Festival 2017"]
[Site "Zalakaros"]
[Date "2017.05.20"]
[Round "3"]
[White "Szukics, Adam"]
[Black "Borsos, Bogdan"]
[Result "1/2-1/2"]
[ECO "C65"]
[WhiteElo "2229"]
[BlackElo "2321"]
[Annotator "NA"]
[PlyCount "97"]
[EventDate "2017.??.??"]
[EventType "swiss"]
[EventCountry "HUN"]
[SourceTitle "playchess.com"]
[Source "ChessBase"]
[SourceQuality "1"]
[TimeControl "40/5400+30:1800+30"]

1. e4 e5 2. Nf3 Nc6 3. Bb5 Nf6 4. d3 Bc5 5. c3 O-O 6. O-O d6 7. Nbd2 Bb6 8. Nc4 Ne7 9. Bg5 c6 10. Ba4 Bc7 11. Bxf6 gxf6 12. Ne3 Kh8 13. Nh4 Rg8 14. Bb3 Be6 15. Qf3 Ng6 16. Nhf5 Qf8 17. Rad1 Ne7 18. Nxe7 Qxe7 19. Kh1 Rg5 20. h4 Rg6 21. Nf5 Qd7 22. g4 Rag8 23. Rg1 d5 24. Kh2 Rd8 25. Kh3 a5 26. Bc2 Rdg8 27. Kh2 Ra8 28. a4 c5 29. Ne3 d4 30. Nf5 Rag8 31. c4 Bd6 32. Rg3 Bf8 33. h5 Rg5 34. Rdg1 Bxf5 35. gxf5 Bh6 36. Kh3 Qd8 37. Bd1 Qb6 38. Qe2 Qb4 39. R1g2 R8g7 40. Rg1 Kg8 41. Qc2 Kf8 42. Qe2 Ke7 43. Qc2 Rxg3+ 44. fxg3 Be3 45. Rf1 Rg5 46. Rh1 Kf8 47. Rf1 Kg7 48. Rh1 Kh6 49. Rf1 1/2-1/2

[Event "36th Zalakaros Festival 2017"]
[Site "Zalakaros"]
[Date "2017.05.20"]
[Round "3"]
[White "Jakab, Bela"]
[Black "Beletic, Daniel"]
[Result "0-1"]
[ECO "B06"]
[WhiteElo "2216"]
[BlackElo "2315"]
[Annotator "NA"]
[PlyCount "54"]
[EventDate "2017.??.??"]
[EventType "swiss"]
[EventCountry "HUN"]
[SourceTitle "playchess.com"]
[Source "ChessBase"]
[SourceQuality "1"]
[TimeControl "40/5400+30:1800+30"]

1. e4 g6 2. d4 Bg7 3. Nc3 d6 4. f4 a6 5. Nf3 b5 6. a3 Bb7 7. Bd3 Nd7 8. O-O c5 9. Be3 cxd4 10. Nxd4 Ngf6 11. Kh1 Rc8 12. Qe1 O-O 13. Nb3 e6 14. Rd1 Re8 15. Qg3 Rxc3 16. bxc3 Bxe4 17. Bd4 Qa8 18. Rfe1 Rc8 19. Re2 Bd5 20. h3 e5 21. f5 Nh5 22. Qh4 Nf4 23. fxg6 hxg6 24. Rf2 Nxg2 25. Qe7 Ne3+ 26. Kg1 Nxd1 27. Rd2 exd4 0-1

[Event "36th Zalakaros Festival 2017"]
[Site "Zalakaros"]
[Date "2017.05.20"]
[Round "3"]
[White "Pujari, Rucha"]
[Black "Hnydiuk, Aleksander"]
[Result "0-1"]
[ECO "D73"]
[WhiteElo "2203"]
[BlackElo "2390"]
[Annotator "NA"]
[PlyCount "66"]
[EventDate "2017.??.??"]
[EventType "swiss"]
[EventCountry "HUN"]
[SourceTitle "playchess.com"]
[Source "ChessBase"]
[SourceQuality "1"]
[TimeControl "40/5400+30:1800+30"]

1. d4 Nf6 2. c4 g6 3. Nf3 Bg7 4. g3 d5 5. Bg2 dxc4 6. O-O O-O 7. Na3 c3 8. bxc3 c5 9. e3 Nc6 10. Qe2 Bf5 11. Rd1 Qb6 12. Bb2 Rfd8 13. Nc4 Qa6 14. Bf1 Qa4 15. Nce5 Nxe5 16. Nxe5 cxd4 17. exd4 Rac8 18. c4 Nd7 19. Nxd7 Rxd7 20. g4 Be6 21. d5 Bxg4 22. Qxg4 Bxb2 23. Rab1 Ba3 24. Rxb7 Qxd1 25. Qxd1 Rxb7 26. c5 Rxc5 27. Qa4 Rc3 28. Bb5 Bd6 29. Kg2 Bc5 30. h3 Rb6 31. f3 a6 32. Bxa6 Rb2+ 33. Kg3 Bd6+ 0-1

[Event "36th Zalakaros Festival 2017"]
[Site "Zalakaros"]
[Date "2017.05.20"]
[Round "3"]
[White "Csiki, Endre"]
[Black "Hemant, Sharma"]
[Result "0-1"]
[ECO "D70"]
[WhiteElo "2200"]
[BlackElo "2380"]
[Annotator "NA"]
[PlyCount "66"]
[EventDate "2017.??.??"]
[EventType "swiss"]
[EventCountry "HUN"]
[SourceTitle "playchess.com"]
[Source "ChessBase"]
[SourceQuality "1"]
[TimeControl "40/5400+30:1800+30"]

1. d4 Nf6 2. c4 g6 3. f3 d5 4. cxd5 Nxd5 5. e4 Nb6 6. Nc3 Bg7 7. Be3 Nc6 8. Bb5 O-O 9. Nge2 a6 10. Bxc6 bxc6 11. b3 a5 12. O-O Ba6 13. Rc1 a4 14. Re1 axb3 15. axb3 Qd7 16. Qc2 Rfb8 17. Kh1 Bxe2 18. Nxe2 Nc8 19. Red1 Nd6 20. Rd3 Ra3 21. Rc3 Rb7 22. Rxc6 Raxb3 23. Rxc7 Qxc7 24. Qxb3 Rxb3 25. Rxc7 Rxe3 26. Rc2 Bxd4 27. h3 Be5 28. f4 Nxe4 29. Kg1 Bf6 30. Kf1 Ng3+ 31. Nxg3 Rxg3 32. Kf2 Rc3 33. Rd2 Kg7 0-1

[Event "36th Zalakaros Festival 2017"]
[Site "Zalakaros"]
[Date "2017.05.21"]
[Round "4"]
[White "Kosakowski, Jakub"]
[Black "Chovan, Milan"]
[Result "1-0"]
[ECO "C78"]
[WhiteElo "2369"]
[BlackElo "2288"]
[Annotator "NA"]
[PlyCount "113"]
[EventDate "2017.??.??"]
[EventType "swiss"]
[EventCountry "HUN"]
[SourceTitle "playchess.com"]
[Source "ChessBase"]
[SourceQuality "1"]
[TimeControl "40/5400+30:1800+30"]

1. e4 e5 2. Nf3 Nc6 3. Bb5 a6 4. Ba4 Nf6 5. O-O b5 6. Bb3 Bb7 7. d3 Be7 8. a4 O-O 9. Nc3 Na5 10. Ba2 b4 11. Ne2 d5 12. Nxe5 dxe4 13. d4 Rc8 14. Be3 Bd5 15. c4 bxc3 16. bxc3 c5 17. Ng3 Bxa2 18. Rxa2 Qd5 19. Rd2 cxd4 20. Bxd4 Qe6 21. Re2 Rfd8 22. Nxe4 Nxe4 23. Rxe4 Bc5 24. Qe2 Bxd4 25. cxd4 f5 26. Rh4 Nb3 27. Qe3 Qd5 28. Nf3 Re8 29. Qg5 Re6 30. Rf4 Nd2 31. Rd1 Nxf3+ 32. Rxf3 Qxd4 33. Rc1 Qc4 34. Rb1 Rce8 35. h3 Qxa4 36. Qxf5 Qd7 37. Qa5 Qd6 38. Rfb3 Re5 39. Qc3 Qe6 40. Rb6 Re1+ 41. Kh2 Rxb1 42. Rxb1 Qe5+ 43. Qxe5 Rxe5 44. Rb7 Ra5 45. f4 Ra3 46. g4 h6 47. f5 a5 48. h4 a4 49. Ra7 Ra1 50. Kg2 a3 51. g5 hxg5 52. hxg5 a2 53. Ra8+ Kf7 54. Ra7+ Kf8 55. g6 Ke8 56. f6 gxf6 57. g7 1-0

[Event "36th Zalakaros Festival 2017"]
[Site "Zalakaros"]
[Date "2017.05.21"]
[Round "4"]
[White "Ivic, Velimir"]
[Black "Krstulovic, Alex"]
[Result "1-0"]
[ECO "C45"]
[WhiteElo "2345"]
[BlackElo "2280"]
[Annotator "NA"]
[PlyCount "43"]
[EventDate "2017.??.??"]
[EventType "swiss"]
[EventCountry "HUN"]
[SourceTitle "playchess.com"]
[Source "ChessBase"]
[SourceQuality "1"]
[TimeControl "40/5400+30:1800+30"]

1. e4 e5 2. Nf3 Nc6 3. d4 exd4 4. Nxd4 Bc5 5. Nb3 Bb6 6. Nc3 d6 7. Qe2 a5 8. a4 Nb4 9. Bf4 Ne7 10. O-O-O O-O 11. h4 Bd7 12. h5 Qe8 13. h6 g6 14. e5 dxe5 15. Qxe5 Nf5 16. Ne4 Qxe5 17. Bxe5 Bxa4 18. Nf6+ Kh8 19. g4 Nc6 20. Bc3 Nfe7 21. Nd7+ Kg8 22. Bg7 1-0

[Event "36th Zalakaros Festival 2017"]
[Site "Zalakaros"]
[Date "2017.05.21"]
[Round "4"]
[White "Rapport, Jovana"]
[Black "Rigo, Janos"]
[Result "1/2-1/2"]
[ECO "A45"]
[WhiteElo "2334"]
[BlackElo "2236"]
[Annotator "NA"]
[PlyCount "28"]
[EventDate "2017.??.??"]
[EventType "swiss"]
[EventCountry "HUN"]
[SourceTitle "playchess.com"]
[Source "ChessBase"]
[SourceQuality "1"]
[TimeControl "40/5400+30:1800+30"]

1. d4 Nf6 2. Nc3 d5 3. Bf4 c6 4. e3 g6 5. Be2 Bg7 6. h4 Qa5 7. Qd2 b5 8. f3 Nbd7 9. Nh3 Nh5 10. Nd1 Qxd2+ 11. Kxd2 Nxf4 12. Nxf4 e5 13. dxe5 Nxe5 14. Nf2 Rb8 1/2-1/2

[Event "36th Zalakaros Festival 2017"]
[Site "Zalakaros"]
[Date "2017.05.21"]
[Round "4"]
[White "Borsos, Bogdan"]
[Black "Csiki, Endre"]
[Result "1/2-1/2"]
[ECO "D85"]
[WhiteElo "2321"]
[BlackElo "2200"]
[Annotator "NA"]
[PlyCount "108"]
[EventDate "2017.??.??"]
[EventType "swiss"]
[EventCountry "HUN"]
[SourceTitle "playchess.com"]
[Source "ChessBase"]
[SourceQuality "1"]
[TimeControl "40/5400+30:1800+30"]

1. d4 Nf6 2. c4 g6 3. Nc3 d5 4. cxd5 Nxd5 5. e4 Nxc3 6. bxc3 Bg7 7. Bb5+ c6 8. Be2 c5 9. Be3 Nc6 10. Nf3 Qa5 11. Bd2 e5 12. d5 Nb8 13. O-O O-O 14. a4 Nd7 15. c4 Qc7 16. a5 Qd6 17. Bc3 h6 18. Ne1 f5 19. exf5 gxf5 20. f4 e4 21. Bxg7 Kxg7 22. Ra3 Nf6 23. Rg3+ Kh7 24. Nc2 Bd7 25. Ne3 Rg8 26. Qa1 Rae8 27. Qb2 Bc8 28. Rxg8 Kxg8 29. g3 Re7 30. Rb1 Ne8 31. Bf1 Ng7 32. Bh3 Kf8 33. Qa1 Kf7 34. Rb5 Kg8 35. Qb2 Kf7 36. Kf2 Kg8 37. Qa3 Rc7 38. Qc3 Re7 39. Qb2 Kf7 40. Rb3 Kg8 41. Ng2 Kf7 42. Nh4 Kg8 43. Ke3 Kf7 44. Kf2 Kg8 45. Ng2 Kf7 46. Ne3 Kg8 47. Qa3 Kf7 48. Nc2 Kg8 49. Bf1 Ne8 50. Ne3 Ng7 51. Rb5 Rc7 52. Qb2 Re7 53. Be2 Ne8 54. Qa3 Rc7 1/2-1/2